 Dungeon Sprint DCSS version 0.31.0-32-g396128a36d (webtiles) character file.

Game seed: 4785065239173496448

1135 James the Skirmisher (level 8, -7/77 HPs)
             Began as a White Draconian Hexslinger on Mar 16, 2024.
             Was a High Priest of Fedhas.
             Succumbed to a formless jellyfish's poison
             ... in the Dungeon (Sprint V: "Ziggurat Sprint").
             The game lasted 00:07:04 (403 turns).

James the Skirmisher (White Draconian Hexslinger)    Turns: 403, Time: 00:07:04

Health: -7/77      AC:  8    Str: 10    XL:     8   Next: 14%
Magic:  4/9        EV: 16    Int: 14    God:    Fedhas [*****.]
Gold:   0          SH:  0    Dex: 28    Spells: 1/9 levels left

rFire   . . .        a - +8 storm bow {elec, penet}
rCold   + . .        (shield currently unavailable)
rNeg    . . .        (body armour unavailable)
rPois   .            (helmet restricted)
rElec   .            H - +1 cloak {rCorr}
rCorr   +            (no gloves)
SInv    .            (no boots)
Will    .....        (no amulet)
Stlth   ++           C - +6 ring of dexterity
HPRegen 0.32/turn    D - +6 ring of dexterity
MPRegen 0.11/turn

%: no teleportation
@: lethally poisoned (-7 -> -39), very slightly contaminated, constricted
A: breathe frost, AC +6, unfitting armour, cold resistance 1, cold-blooded
a: Breathe Frost, Renounce Religion, Wall of Briars, Grow Ballistomycete,
Overgrow, Grow Oklob


You were in the Dungeon.
You worshipped Fedhas.
Fedhas was extremely pleased with you.
You visited 1 branch

Inventory:

Hand Weapons
 a - the +8 storm bow (weapon) {elec, penet}
   (You found it in the Dungeon)
 u - the +27 heavy crossbow "Sniper" {heavy, Acc+∞ SInv}
   (You found it in the Dungeon)

   Acc+∞: It never misses its target.
   SInv:      It lets you see invisible.
 v - a +5 hand cannon
   (You found it in the Dungeon)
 w - a +5 longbow
   (You found it in the Dungeon)
 y - a +5 orcbow
   (You found it in the Dungeon)
 z - a +5 shortbow
   (You found it in the Dungeon)
 A - a +5 sling
   (You found it in the Dungeon)
 B - a +5 triple crossbow
   (You found it in the Dungeon)
 I - a +1 sling
 L - a +5 arbalest
   (You found it in the Dungeon)
Armour
 H - a +1 cloak of preservation (worn)
   (You found it in the Dungeon)
Jewellery
 r - a ring of flight
   (You found it in the Dungeon)
 C - a +6 ring of dexterity (left hand)
   (You found it in the Dungeon)
 D - a +6 ring of dexterity (right hand)
   (You found it in the Dungeon)
 E - a +6 ring of intelligence
   (You found it in the Dungeon)
 F - a +6 ring of intelligence
   (You found it in the Dungeon)
Wands
 s - a wand of mindburst (16)
   (You found it in the Dungeon)
 t - a wand of flame (10)
   (You found it in the Dungeon)
 x - a wand of acid (7)
   (You found it in the Dungeon)
 G - a wand of polymorph (4)
   (You found it in the Dungeon)
Scrolls
 b - a scroll of poison {!r}
 h - 4 scrolls of blinking
 n - 4 scrolls of amnesia
 o - 7 scrolls of fog
 p - 5 scrolls of identify {@r1}
 q - 2 scrolls of fear
 M - 4 scrolls of enchant weapon
Potions
 c - 10 potions of curing {@q1}
 d - 10 potions of heal wounds {@q2}
 e - 6 potions of haste {@q3}
 f - 7 potions of magic
 g - 3 potions of berserk rage
 i - 2 potions of brilliance
 j - 2 potions of invisibility
 k - 4 potions of resistance
 l - a potion of experience
 m - 5 potions of might
Miscellaneous
 J - a lightning rod (4/4) {!a}
   (You found it in the Dungeon)
 K - a condenser vane
   (You found it in the Dungeon)


   Skills:
 + Level 8.9 Fighting
 * Level 12.7 Ranged Weapons
 + Level 7.6 Dodging
 - Level 1.0 Spellcasting
 - Level 2.6 Hexes
 - Level 0.7 Fire Magic
 + Level 1.1 Invocations


You had one spell level left.
You knew the following spells:

 Your Spells              Type           Power      Damage    Failure   Level
a - Jinxbite              Hex            16%        N/A       13%         2
b - Sigil of Binding      Hex            8%         N/A       26%         3
c - Inner Flame           Hex/Fire       5%         N/A       36%         3

Your spell library contained the following spells:

 Spells                   Type           Power      Damage    Failure   Level
 Necrotise                Necr           0%         1d4       26%         1
 Cigotuvi's Dreadful Rot  Necr/Alch/Air  0%         N/A       36%         2
 Ozocubu's Armour         Ice            0%         N/A       61%         3
 Vampiric Draining        Necr           0%         2d6       61%         3
 Cause Fear               Hex            4%         N/A       65%         4
 Dimensional Bullseye     Hex/Tloc       2%         N/A       83%         4
 Ignite Poison            Fire/Alch      1%         N/A       92%         4
 Martyr's Knell           Necr/Summ      0%         N/A       95%         4
 Metabolic Englaciation   Hex/Ice        2%         N/A       99%         5
 Curse of Agony           Necr           0%         N/A       100%        5
 Freezing Cloud           Conj/Ice/Air   0%         6-21      100%        5
 Sculpt Simulacrum        Ice/Alch       0%         N/A       100%        6


Dungeon Overview and Level Annotations

Branches:
Dungeon (1/1)

Altars:
Ashenzari
Cheibriados
Dithmenos
Elyvilon
Fedhas
Gozag
Hepliaklqana
Kikubaaqudgha
Makhleb
Nemelex Xobeh
Okawaru
Qazlal
Ru
Sif Muna
Trog
Uskayaw
Vehumet
Wu Jian
Xom
Yredelemnul
Zin
The Shining One
Jiyva
Lugonu


Innate Abilities, Weirdness & Mutations

You can breathe waves of freezing cold which knock back foes.
Your icy white scales are hard. (AC +6)
You cannot fit into any form of body armour.
Your flesh is cold resistant. (rC+)
You are cold-blooded and may be slowed by cold attacks.


Message History

You shoot an arrow.
The arrow pierces through the formless jellyfish!
Lightning courses through the formless jellyfish!
You feel very sick.
The formless jellyfish closely misses you.
The formless jellyfish constricts you.
The ironbound convoker hits your briar patch with a +0 dire flail.
The ironbound preserver casts a spell.
The ironbound preserver begins to accept its allies' injuries.
The yaktaur is struck by your briar patch's thorns.
The yaktaur hits your briar patch!
Your briar patch is destroyed!
Your briar patch disappears in a puff of smoke!
The vault guard hits your briar patch with a +0 battleaxe.
Fire: a) +8 storm bow {elec, penet}
Press: ? - help, Q - select action, (/) - cycle Shift-Dir - straight line, f - ironbound preserver, p - formless jellyfish
Aim: an ironbound preserver, wielding a +0 great mace and wearing a +0 leather armour (almost dead, ally target, 85% to hit)
You shoot an arrow. Fedhas protects your plant from harm.
The arrow barely misses the ironbound preserver.
You feel very sick.
The ironbound preserver gestures wildly while chanting.
The ironbound preserver is healed somewhat.
The vault guard hits your briar patch with a +0 battleaxe!
Your briar patch is destroyed!
Your briar patch disappears in a puff of smoke!
The formless jellyfish stings you!!
* * * LOW HITPOINT WARNING * * *
You shrug off the repeated paralysis!
You are more poisoned.
The formless jellyfish poisons you! The formless jellyfish constricts you.
* * * LOW HITPOINT WARNING * * *
The ironbound convoker gestures at the yaktaur while chanting.
The yaktaur seems to grow stronger.
The yaktaur barely misses you.
The formless jellyfish barely misses you.
The formless jellyfish constricts you.
* * * LOW HITPOINT WARNING * * *
Unknown command.
Fire: a) +8 storm bow {elec, penet}
Press: ? - help, Q - select action, (/) - cycle Shift-Dir - straight line, f/p - ironbound preserver
Aim: an ironbound preserver, wielding a +0 great mace and wearing a +0 leather armour (purple smoke, severely wounded, ally target, 85% to hit)
You shoot an arrow.
The arrow pierces through the ironbound preserver!!
Lightning courses through the ironbound preserver!!
You kill the ironbound preserver!
Fedhas appreciates your contribution to the ecosystem.
The arrow pierces through the vault guard but does no damage.
Lightning courses through the vault guard!
You die...
Fedhas appreciates your contribution to the ecosystem.

▓..!))..▓
▓..||)..▓
▓.......▓
▓.......▓
▓.......▓
..ppp..
▓.▓c§J▓.▓
▓..P@P..▓
▓▓▓▓▓▓▓▓▓


You could see a formless jellyfish (sheltered), 2 vault guards, an ironbound
convoker (sheltered) and a yaktaur (strong, sheltered).

Vanquished Creatures
  An ironbound preserver (D)
  2 starcursed masses (D)
  A crimson imp (D)
  3 quasits (D)
  2 iron imps (D)
  6 mummies (D)
  2 white imps (D)
  2 adder zombies (D)
  A ball python zombie (D)
20 creatures vanquished.

Notes
Turn   | Place    | Note
-------+----------+-------------------------------------------
     0 | D        | James the Draconian Hexslinger began the quest for the Orb.
     0 | D        | Reached XP level 1. HP: 16/16 MP: 2/2
     0 | D        | Found a shimmering blue altar of Sif Muna.
     0 | D        | Found a sacrificial altar of Ru.
     0 | D        | Found a bloodstained altar of Trog.
     0 | D        | Found a stormy altar of Qazlal.
     0 | D        | Found an iron altar of Okawaru.
     0 | D        | Found a sparkling altar of Nemelex Xobeh.
     0 | D        | Found a blossoming altar of Fedhas.
     0 | D        | Found the +6 Majin-Bo {spellvamp, MP+6 Int+6}
     0 | D        | Found the +27 heavy crossbow "Sniper" {heavy, Acc+∞ SInv}
     0 | D        | Found the +10 dark maul {heavy}
     0 | D        | Found the +15 Maxwell's patent armour {-Cast -Tele rElec
                  | Will+ rCorr}
     0 | D        | Found the +18 shield of the Gong {Loud rN+ Will+ rCorr
                  | EV-5}
     0 | D        | Found the +16 obsidian axe {drain, demonic, Mesm ^Drain Fly
                  | SInv}
     0 | D        | Found the +7 great mace "Firestarter" {flame, immolate,
                  | rFlCloud rF++}
     0 | D        | Found the +6 shillelagh "Devastator" {shatter}
     0 | D        | Found the +11 plutonium sword {^Contam Stlth-}
     0 | D        | Found the +8 lance "Wyrmbane" {slay drac, rPois rF+ rC+
                  | AC+3}
     0 | D        | Found the +9 sword of Zonguldrok {reap}
     0 | D        | Found the +13 scythe of Curses {drain, curses, ^Drain}
     0 | D        | Found the +9 sword of Power {lifebolt}
     0 | D        | Found the +7 mace of Variability {chaos, chaos arc}
     0 | D        | Found the +11 Singing Sword {sonic wave}
     0 | D        | Found the +8 storm bow {elec, penet}
     2 | D        | Found a transporter.
     2 | D        | Found an ancient bone altar of Kikubaaqudgha.
     2 | D        | Found a viscous altar of Jiyva.
     2 | D        | Found a corrupted altar of Lugonu.
     2 | D        | Found a hazy altar of Hepliaklqana.
     2 | D        | Found a burning altar of Makhleb.
     2 | D        | Found an opulent altar of Gozag.
   115 | D        | Became a worshipper of Fedhas Madash
   128 | D        | Entered arena 2.
   128 | D        | Noticed a crimson imp
   128 | D        | Noticed a quasit
   128 | D        | Found a transporter.
   133 | D        | Killed a quasit
   134 | D        | Reached skill level 5 in Ranged Weapons
   134 | D        | Reached XP level 2. HP: 18/23 MP: 3/3
   134 | D        | Reached XP level 3. HP: 22/28 MP: 4/4
   135 | D        | Reached skill level 7 in Ranged Weapons
   157 | D        | Entered arena 3.
   157 | D        | Noticed a starcursed mass
   157 | D        | Found a transporter.
   160 | D        | Reached * piety under Fedhas
   161 | D        | Reached XP level 4. HP: 26/35 MP: 5/5
   164 | D        | Killed a starcursed mass
   164 | D        | Reached ** piety under Fedhas
   165 | D        | Reached skill level 11 in Ranged Weapons
   165 | D        | Reached XP level 5. HP: 25/52 MP: 6/6
   165 | D        | Reached XP level 6. HP: 29/60 MP: 7/7
   165 | D        | Your scales start taking on an icy white colour.
   165 | D        | Reached XP level 7. HP: 32/66 MP: 8/8
   165 | D        | Gained mutation: Your flesh is cold resistant. (rC+) [White
                  | Draconian growth]
   165 | D        | Killed a starcursed mass
   166 | D        | Reached skill level 12 in Ranged Weapons
   297 | D        | Entered arena 4.
   297 | D        | Found a transporter.
   301 | D        | Reached *** piety under Fedhas
   302 | D        | Reached XP level 8. HP: 75/75 MP: 9/9
   347 | D        | Learned a level 2 spell: Jinxbite
   351 | D        | Learned a level 3 spell: Sigil of Binding
   355 | D        | Learned a level 3 spell: Inner Flame
   357 | D        | Entered arena 5.
   357 | D        | Found a transporter.
   360 | D        | Reached **** piety under Fedhas
   374 | D        | Entered arena 6.
   374 | D        | Found a transporter.
   378 | D        | Reached skill level 1 in Invocations
   379 | D        | Reached ***** piety under Fedhas
   393 | D        | Entered arena 7.
   393 | D        | Noticed an ironbound convoker
   393 | D        | Noticed a vault guard
   393 | D        | Noticed a formless jellyfish
   393 | D        | Noticed a vault guard
   393 | D        | Noticed a yaktaur
   393 | D        | Noticed an ironbound preserver
   400 | D        | Paralysed by a formless jellyfish for 1 turns
   402 | D        | HP: 3/77 [constriction (5)]
   402 | D        | HP: 1/77 [constriction (2)]
   403 | D        | Killed an ironbound preserver
   403 | D        | Succumbed to a formless jellyfish's poison

Illustrated notes

Levels and vault maps discovered:
D:        sprint_v [room_start, room_1, room_2, room_3, room_4, room_5, room_6,
          room_7, room_8, room_9, room_10, room_11, room_12, room_13, room_14,
          room_15, room_16, room_17, room_18, room_19, room_20, room_21,
          room_22, room_23, room_24, room_25, room_26, room_27]

Skill      XL: |  1  2  3  4  5  6  7  8 |
---------------+-------------------------+-----
Ranged Weapons | 5 7 11 12 | 12.7
Dodging        | 2 6 7 |  7.6
Fighting       | 7 8 |  8.9
Fire Magic     | 0 |  0.7
Invocations    | 1 |  1.1
Spellcasting   | |  1.0
Hexes          | |  2.6

Action                     |  1- 3 |  4- 6 |  7- 9 || total
---------------------------+-------+-------+-------++-------
   Fire: Longbow           |     9 |     4 |    26 ||    39
 Invoke: Wall of Briars    |       |       |     1 ||     1
 Armour: Skin              |    13 |       |     3 ||    16
  Dodge: Dodged            |    20 |       |     4 ||    24
